 Dungeon Crawl Stone Soup version 0.26.1-2-gb8aa6d0cf2 (webtiles) character file.

Game seed: 8261817832694661004

2667 dohliylev the Cleaver (level 9, -7/79 HPs)
             Began as a Minotaur Berserker on Mar 26, 2021.
             Was a High Priest of Trog.
             Mangled by an orc warlord
             ... wielding a +0 long sword
              (9 damage)
             ... in a bailey.
             The game lasted 00:14:24 (5657 turns).

dohliylev the Cleaver (Minotaur Berserker)          Turns: 5657, Time: 00:14:24

Health: -7/79      AC: 13    Str: 26    XL:     9   Next: 37%
Magic:  0/8        EV: 11    Int:  4    God:    Trog [*****.]
Gold:   322        SH:  4    Dex:  9    Spells: 8/8 levels left

rFire    x . .     SeeInvis .   z - +0 broad axe
rCold    + . .     Faith    .   h - +0 buckler
rNeg     . . .     Spirit   +   o - +0 chain mail
rPois    .         Reflect  .   (helmet restricted)
rElec    .         Harm     .   (no cloak)
rCorr    .         Rampage  .   m - +0 pair of gloves
Will     .....                  g - +1 pair of boots
Stlth    ..........             a - amulet of guardian spirit
HPRegen  0.23/turn              b - ring of ice
MPRegen  0.11/turn              (no ring)

@: berserk cooldown, slowed, studying Throwing, very slow
A: retaliatory headbutt, horns 2
a: Renounce Religion, Berserk, Trog's Hand, Brothers in Arms


You were in a bailey.
You worshipped Trog.
Trog was extremely pleased with you.
You visited 1 branch of the dungeon, and saw 7 of its levels.
You also visited: Sewer and Bailey.

You collected 322 gold pieces.

Inventory:

Hand Weapons
 z - a +0 broad axe (weapon)
Armour
 g - a +1 pair of boots (worn)
 h - a +0 buckler (worn)
 m - a +0 pair of gloves (worn)
 o - a +0 chain mail (worn)
Jewellery
 a - an amulet of guardian spirit (around neck)
 b - a ring of ice (left hand)
Scrolls
 e - 2 scrolls of remove curse
 n - 3 scrolls of enchant armour
 r - 8 scrolls of fog
 t - 7 scrolls of teleportation
 v - a scroll of fear
 x - 5 scrolls of identify
Potions
 c - 7 potions of curing
 d - 2 potions of lignification {unknown}
 i - a potion of invisibility {unknown}
 j - a potion of resistance {unknown}
 k - 5 potions of brilliance {unknown}
 l - 2 potions of haste {unknown}
 p - a potion of mutation {unknown}
 q - 3 potions of heal wounds {unknown}
 s - 2 potions of flight {unknown}
 u - 2 potions of might {unknown}
 w - 2 potions of attraction
Books
 f - a manual of Throwing


   Skills:
 + Level 7.4 Fighting
 + Level 11.1 Axes
 + Level 5.5 Armour
 + Level 6.1 Dodging
 + Level 3.6 Shields


You had 8 spell levels left.
You didn't know any spells.
Your spell library was empty.

Dungeon Overview and Level Annotations

Branches:
Dungeon (7/15)             Temple (0/1) D:6           Sewer (visited)
 Bailey (1/1)

Altars:
Fedhas
Qazlal
Uskayaw
Vehumet
The Shining One


Innate Abilities, Weirdness & Mutations

You reflexively headbutt those who attack you in melee.
You have a pair of horns on your head.


Message History

The orc warrior misses you.
You slash the orc warlord!
You headbutt the orc warlord, but do no damage.
The orc warlord is moderately wounded.
You closely miss the orc warrior.
You hit the orc knight but do no damage.
You are no longer berserk.
You are exhausted.
You feel yourself slow down.
The orc knight hits you with a cursed -3 war axe.
The orc warlord closely misses you. You furiously retaliate!
You headbutt the orc warlord, but do no damage.
The orc warrior complains noisily, as Orcs often do.
The orc warrior hits you with a +0 war axe!!
* * * LOW HITPOINT WARNING * * *
Your two-headed ogre goes berserk!
The orc knight hits you with a cursed -3 war axe!
* * * LOW HITPOINT WARNING * * *
The orc warlord hits you with a +0 long sword!
You die...

.)........#...........#
))........#...........#
.........###.........###
'#.....###.###.....#'#.###
.###.###.....###.###))...###
...### .......###.........##
....# .......##8..........#
....# ......oo#8..........#
....# .....ooo@.....⌠....∩#
....# .....ggo#8O.........#
....# .....oo##8..........#
...### ......o###.........##
.###.###.....###.###.....###
+#.....###.###.....#'#.###
.........###.......))###
..........#........)..#
..........#...........#


You could see an orc warlord (strong), an orc knight (strong), 4 orc warriors, 3
orcs, 2 hobgoblins and a friendly two-headed ogre (summoned, berserk).

Vanquished Creatures
  Grinder (D:4)
  6 orc warriors (Bailey)
  2 sky beasts (D:6)
  A phantom (D:6)
  4 ogres
  A centaur (D:5)
  A big kobold (D:7)
  2 bullfrogs (D:6)
  A scorpion (D:6)
  3 howler monkeys (D:5)
  2 hounds (D:6)
  A bullfrog skeleton (D:4)
  An iguana (D:6)
  3 orc wizards
  5 worker ants
  A hound zombie (D:6)
  A howler monkey zombie (D:7)
  A worker ant zombie (D:6)
  9 gnolls (Bailey)
  18 adders
  2 shadow imps (D:5)
  2 white imps
  2 oozes
  5 worms
  2 dart slugs
  7 leopard geckos
  20 orcs
  14 bats
  13 giant cockroaches
  26 goblins
  20 hobgoblins
  11 jackals
  5 quokkas
  A ball python (Sewer)
  A ball python skeleton (D:4)
  6 frilled lizards
  11 kobolds
  A quokka skeleton (D:4)
  A quokka zombie (D:5)
  7 rats
221 creatures vanquished.

Vanquished Creatures (others)
  2 fungi (D:4)
  4 plants
6 creatures vanquished.

Grand Total: 227 creatures vanquished

Notes
Turn   | Place    | Note
-------+----------+-------------------------------------------
     0 | D:1      | dohliylev the Minotaur Berserker began the quest for the
                  | Orb.
     0 | D:1      | Reached XP level 1. HP: 19/19 MP: 0/0
   194 | D:1      | Reached XP level 2. HP: 17/27 MP: 1/1
   473 | D:1      | Reached skill level 4 in Axes
   697 | D:1      | Reached ** piety under Trog
   885 | D:2      | Reached XP level 3. HP: 33/33 MP: 2/2
  1016 | D:2      | Found a hide-covered altar of Uskayaw.
  1031 | D:2      | Reached XP level 4. HP: 41/41 MP: 3/3
  1165 | D:2      | Reached skill level 5 in Axes
  1224 | D:2      | Found a glowing golden altar of the Shining One.
  1546 | D:3      | Reached XP level 5. HP: 47/47 MP: 4/4
  2041 | D:3      | Reached *** piety under Trog
  2484 | D:4      | Noticed Grinder
  2485 | D:4      | Paralysed by Grinder for 7 turns
  2494 | D:4      | Paralysed by Grinder for 2 turns
  2500 | D:4      | Reached skill level 6 in Axes
  2505 | D:4      | Paralysed by Grinder for 2 turns
  2515 | D:4      | Killed Grinder
  2516 | D:4      | Reached skill level 5 in Fighting
  2516 | D:4      | Reached skill level 1 in Shields
  2516 | D:4      | Reached XP level 6. HP: 48/56 MP: 5/5
  2565 | D:4      | Reached skill level 7 in Axes
  2744 | D:4      | Found a blossoming altar of Fedhas.
  2749 | D:4      | Reached XP level 7. HP: 56/61 MP: 6/6
  2755 | D:4      | Found a stormy altar of Qazlal.
  3108 | D:5      | Entered Level 5 of the Dungeon
  3252 | D:5      | Found a glowing drain.
  3287 | Sewer    | Entered a sewer
  3351 | Sewer    | Reached **** piety under Trog
  3627 | D:5      | Reached skill level 8 in Axes
  3766 | D:5      | Reached skill level 5 in Dodging
  3783 | D:5      | Reached XP level 8. HP: 66/70 MP: 7/7
  4341 | D:6      | Found a radiant altar of Vehumet.
  4373 | D:6      | Reached skill level 9 in Axes
  4557 | D:6      | Found a staircase to the Ecumenical Temple.
  4772 | D:6      | Reached skill level 10 in Axes
  5063 | D:7      | Found a flagged portal.
  5085 | Bailey   | Entered a bailey
  5100 | Bailey   | Reached XP level 9. HP: 78/78 MP: 8/8
  5246 | Bailey   | Reached skill level 5 in Armour
  5254 | Bailey   | Reached ***** piety under Trog
  5263 | Bailey   | Reached skill level 11 in Axes
  5644 | Bailey   | Noticed an orc warlord
  5644 | Bailey   | Noticed an orc knight
  5657 | Bailey   | HP: 2/79 [orc knight/cursed -3 war axe (11)]
  5657 | Bailey   | Mangled by an orc warlord

Illustrated notes

Levels and vault maps discovered:
D:1:      dpeg_arrival_water_temple_mockup, layout_basic,
          hangedman_abyss_or_decor_lesser_grid, minmay_misc_feat_more_columns,
          serial_bayou_pond_b
D:2:      layout_rooms, nicolae_tso_carved_into_rock,
          nicolae_overflow_crystal_walls
D:3:      layout_loops_ring, grunt_ministairs_9, st_stairs_1,
          chequers_serial_rivers_micro_c
D:4:      layout_basic, grunt_temple_overflow_forces_of_nature, minmay_ruptured,
          uniq_grinder
D:5:      layout_basic, gup_sewer_entry_glass, minmay_manual_macuahuitl
D:6:      layout_cave_pools, vehumet_altar_wand_db, minmay_temple_entry_grid
D:7:      layout_basic, enter_bailey_3, nrook_mini_backslash,
          uniq_prince_ribbit1, uniq_pikel
Bailey:   bailey_axe_minmay_hex_keep, bailey

Skill      XL: |  1  2  3  4  5  6  7  8  9 |
---------------+----------------------------+-----
Fighting       | 4 5 6 7 |  7.4
Axes           | 4 5 6 7 8 10 11 | 11.1
Dodging        | 3 4 5 6 |  6.1
Armour         | 3 4 5 |  5.5
Shields        | 1 2 3 |  3.6

Action                   |  1- 3 |  4- 6 |  7- 9 || total
-------------------------+-------+-------+-------++-------
Melee: Hand axe          |    56 |   141 |   198 ||   395
       Headbutt          |    10 |    10 |    55 ||    75
       War axe           |       |       |    93 ||    93
       Broad axe         |       |       |    29 ||    29
Invok: Berserk           |       |     3 |     9 ||    12
       Trog's Hand       |       |     1 |     2 ||     3
       Brothers in Arms  |       |       |     1 ||     1
  Use: Scroll            |       |       |    11 ||    11
       Potion            |       |       |     2 ||     2
Armor: Animal skin       |     3 |       |       ||     3
       Leather armour    |     2 |    45 |    38 ||    85
       Ring mail         |    16 |       |       ||    16
       Chain mail        |       |       |   111 ||   111
Dodge: Dodged            |    41 |    92 |   182 ||   315
Block: Buckler           |       |    18 |    52 ||    70
